 Dungeon Crawl Stone Soup version 0.24-a0-537-g2d01d4ab0a (webtiles) character file.

Game seed: 11466825235932439983

23 Mithandil the Skirmisher (level 2, -2/24 HPs)
             Began as a Demonspawn Abyssal Knight on Aug 15, 2019.
             Was a Follower of Lugonu.
             Slain by a worker ant (6 damage)
             ... on level 2 of the Dungeon.
             The game lasted 00:03:25 (647 turns).

Mithandil the Skirmisher (Demonspawn Abyssal Knight) Turns: 647, Time: 00:03:26

Health: -2/24      AC:  3    Str: 12    XL:     2   Next: 72%
Magic:  4/4        EV: 11    Int: 13    God:    Lugonu [*.....]
Gold:   71         SH:  0    Dex: 12    Spells: 1/1 levels left

rFire    . . .     SeeInvis .   d - +1 whip (elec)
rCold    + . .     Gourm    .   (no shield)
rNeg     . . .     Faith    .   b - +0 leather armour
rPois    .         Spirit   .   (no helmet)
rElec    .         Reflect  .   (no cloak)
rCorr    .         Harm     .   (no gloves)
MR       .....                  (no boots)
Stlth    +.........             (no amulet)
HPRegen  0.08/turn              g - ring of protection from cold
MPRegen  0.09/turn              (no ring)

@: lethally poisoned (-2 -> -11)
A: hooves 1
a: Depart the Abyss, Renounce Religion


You were on level 2 of the Dungeon.
You worshipped Lugonu.
Lugonu was aware of your devotion.
You were not hungry.

You visited 1 branch of the dungeon, and saw 2 of its levels.
You visited the Abyss 1 time.

You collected 71 gold pieces.

Inventory:

Hand Weapons
 a - a +1 falchion
 d - a +1 whip of electrocution (weapon)
 j - a +2 dagger of speed
Missiles
 e - 18 stones
 i - 11 poisoned darts (quivered)
Armour
 b - a +0 leather armour (worn)
Jewellery
 g - a ring of protection from cold (left hand)
Scrolls
 h - a scroll of identify
 k - a scroll of remove curse {unknown}
Comestibles
 c - 3 rations
 f - 8 chunks of flesh


   Skills:
 + Level 3.1 Fighting
 - Level 1.7 Long Blades
 * Level 1.1 Maces & Flails
 + Level 1.9 Armour
 + Level 1.2 Dodging
 + Level 0.5 Unarmed Combat
 + Level 2.7 Invocations


You had one spell level left.
You didn't know any spells.
Your spell library was empty.

Dungeon Overview and Level Annotations

Branches:
Dungeon (2/15)

Altars:


Innate Abilities, Weirdness & Mutations

You have large cloven feet.


Message History

You see here a scroll labeled NIWKIN WUJUKYEM.
k - a scroll labeled NIWKIN WUJUKYEM A goblin comes into view.
It is wielding a -1 club.
The goblin shouts!
You hit the worker ant but do no damage.
The worker ant bites you.
You hit the worker ant but do no damage.
The worker ant barely misses you. x2
You completely miss the worker ant. Your kick misses the worker ant.
The worker ant bites you.
You are poisoned.
The worker ant poisons you!
You closely miss the worker ant. Your kick misses the worker ant.
You feel sick. The worker ant bites you!
* * * LOW HITPOINT WARNING * * *
You hit the worker ant.
The worker ant is lightly wounded.
* * * LOW HITPOINT WARNING * * *
You feel sick. The worker ant bites you.
You die...

# ...######.#
.......<#.#####
##.####.......#
#.#####.# #.####.#
#......#
.####.####.#
.....ga@...#####.#
.####..###.......#
#.. #.####### #..
..# ### .### #+


You could see a worker ant and a goblin.

Vanquished Creatures
  A dart slug (D:1)
  A leopard gecko (D:1)
  2 giant cockroaches
  3 goblins (D:1)
  2 hobgoblins (D:1)
  3 jackals (D:1)
  2 kobolds (D:1)
  A quokka (D:2)
  A frilled lizard (D:2)
16 creatures vanquished.

Notes
Turn   | Place    | Note
-------+----------+-------------------------------------------
     0 | Abyss:1  | Mithandil the Demonspawn Abyssal Knight began the quest for
                  | the Orb.
     0 | Abyss:1  | Reached XP level 1. HP: 18/18 MP: 2/2
    57 | Abyss:1  | Noticed a tentacled starspawn
    58 | D:1      | Escaped the Abyss
   158 | D:2      | Reached * piety under Lugonu
   273 | D:1      | Reached skill level 1 in Dodging
   436 | D:1      | Gained mutation: You have large cloven feet. [demonic
                  | ancestry]
   436 | D:1      | Reached XP level 2. HP: 24/24 MP: 3/3
   503 | D:1      | Reached skill level 1 in Maces & Flails
   647 | D:2      | Slain by a worker ant

Levels and vault maps discovered:
D:1:      minmay_arrival_hallway, layout_basic
D:2:      layout_loops_ring, led_sif_pool

Skill      XL: |  1  2 |
---------------+-------+-----
Dodging        | 1 |  1.2
Maces & Flails | 1 |  1.1
Fighting       | |  3.1
Long Blades    | |  1.7
Armour         | |  1.9
Unarmed Combat | |  0.5
Invocations    | |  2.7

Action                   || total
-------------------------++-------
Melee: Whip              ||    45
       Kick              ||     4
Invok: Depart the Abyss  ||     1
  Use: Scroll            ||     1
       Potion            ||     1
Armor: Leather armour    ||     9
Dodge: Dodged            ||    20

Table legend:
 A = Non-vault XP
 B = Vault XP
 C = Vault XP percentage of total XP
 D = Non-vault monster count
 E = Vault monster count
 F = Vault count percentage of total count
                 A         B        C        D         E       F
            +---------+---------+-------+---------+---------+-------
      Total |      33 |       0 |   0.0 |      16 |       0 |   0.0
            +---------+---------+-------+---------+---------+-------
        D:1 |      28 |       0 |   0.0 |      13 |       0 |   0.0
        D:2 |       5 |       0 |   0.0 |       3 |       0 |   0.0
            +---------+---------+-------+---------+---------+-------
